TOP OF THE 1ST |
Toronto Blue Jays batting - Pitching for Chicago White Sox : RHP Dave Rozema
|
Pitching: RHP Dave Rozema
|
|
Batting: LHB Sheldon Mallory
|
0-0: Called Strike 0-1: Ball 1-1: Foul Ball, location: 2F 1-2: Foul Ball, location: 2F 1-2: Ground out 4-3 (Groundball, 4, EV 106.3 MPH)
|
Batting: RHB Jose Gonzalez
|
0-0: Ball 1-0: Foul Ball, location: 2F 1-1: Swinging Strike 1-2: Fly out, F9 (Flyball, 9S, EV 85.0 MPH)
|
Batting: SHB Harold Reynolds
|
0-0: Called Strike 0-1: Ball 1-1: SINGLE (Groundball, 3D, EV 103.1 MPH)
|
Batting: RHB Juan Monasterio
|
0-0: Fly out, F7 (Flyball, 78M, EV 82.5 MPH)
|
Top of the 1st over - 0 runs, 1 hit, 0 errors, 1 left on base; Toronto 0 - Chicago 0 |
BOTTOM OF THE 1ST |
Chicago White Sox batting - Pitching for Toronto Blue Jays : RHP Storm Davis
|
Pitching: RHP Storm Davis
|
|
Batting: SHB Dwayne Taggart
|
0-0: Ball 1-0: Ball 2-0: Foul Ball, location: 2F 2-1: Foul Ball, location: 2F 2-2: Strikes out swinging
|
Batting: LHB Rudy Law
|
0-0: Ball 1-0: Called Strike 1-1: Foul Ball, location: 2F 1-2: Foul Ball, location: 2F 1-2: Fly out, F8 (Flyball, 8LD, EV 103.8 MPH)
|
Batting: RHB Mike Heath
|
0-0: Ball 1-0: Ball 2-0: Ball 3-0: Foul Ball, location: 2F 3-1: SINGLE (Line Drive, 78S, EV 104.4 MPH)
|
Batting: RHB Brian Downing
|
0-0: Ball Mike Heath steals 2nd base (no throw) 1-0: Called Strike 1-1: Ball 2-1: Called Strike 2-2: Strikes out looking
|
Bottom of the 1st over - 0 runs, 1 hit, 0 errors, 1 left on base; Toronto 0 - Chicago 0 |
TOP OF THE 2ND |
Toronto Blue Jays batting - Pitching for Chicago White Sox : RHP Dave Rozema
|
Batting: LHB Darryl Strawberry
|
0-0: Ball 1-0: Foul Ball, location: 2F 1-1: Swinging Strike 1-2: Ball 2-2: Fly out, F6 (Popup, 6M, EV 75.6 MPH)
|
Batting: RHB Cal Ripken
|
0-0: Swinging Strike 0-1: Fly out, F8 (Flyball, 8LS, EV 88.1 MPH)
|
Batting: LHB Manny Leal
|
0-0: Fly out, F7 (Flyball, 78M, EV 93.1 MPH)
|
Top of the 2nd over - 0 runs, 0 hits, 0 errors, 0 left on base; Toronto 0 - Chicago 0 |
BOTTOM OF THE 2ND |
Chicago White Sox batting - Pitching for Toronto Blue Jays : RHP Storm Davis
|
Batting: RHB Steve Henderson
|
0-0: Ball 1-0: Ball 2-0: Reached on error, E6 (Groundball, 6D, EV 101.3 MPH)
|
Batting: LHB Ryan MacFarland
|
0-0: Ball Steve Henderson steals 2nd base 1-0: Swinging Strike 1-1: Ball 2-1: Swinging Strike 2-2: Strikes out swinging
|
Batting: LHB Mitchell Page
|
0-0: Ball 1-0: Called Strike 1-1: SINGLE (Line Drive, 78M, EV 92.5 MPH) Steve Henderson to third Runner from 3rd tries for Home, SAFE, throw by LF to home
|
Now in LF: Hubie Brooks
|
|
Batting: RHB Tim Teufel
|
0-0: Ball 1-0: Ball Mitchell Page steals 2nd, throwing error, E2 Mitchell Page to third 2-0: Called Strike 2-1: SINGLE (Line Drive, 9S, EV 106.9 MPH) Mitchell Page scores
|
Batting: LHB Steve Christmas
|
0-0: Ball 1-0: Called Strike 1-1: Ball 2-1: Fielders Choice at 2nd, 1-6 (Groundball, 13, EV 66.3 MPH)
|
Batting: SHB Dwayne Taggart
|
0-0: Ball 1-0: Called Strike 1-1: Ball 2-1: Ball 3-1: Foul Ball, location: 2F 3-2: Base on Balls Steve Christmas to second
|
Batting: LHB Rudy Law
|
0-0: Ground out U3 (Groundball, 34, EV 96.9 MPH)
|
Bottom of the 2nd over - 2 runs, 2 hits, 2 errors, 2 left on base; Toronto 0 - Chicago 2 |
TOP OF THE 3RD |
Toronto Blue Jays batting - Pitching for Chicago White Sox : RHP Dave Rozema
|
Batting: RHB Fritzie Connally
|
0-0: Ball 1-0: Ball 2-0: Ball 3-0: Called Strike 3-1: Base on Balls
|
Batting: RHB Dann Bilardello
|
0-0: DOUBLE (Line Drive, 89M, EV 106.3 MPH) Fritzie Connally to third Runner from 3rd tries for Home, SAFE, throw by CF to trailing runner, SAFE at third!
|
Batting: RHB Hubie Brooks
|
0-0: Foul Ball, location: 2F 0-1: Foul Ball, location: 2F 0-2: Ball 1-2: Ball 2-2: Ball 3-2: Strikes out swinging
|
Batting: RHB Jose Gonzalez
|
0-0: Squeeze Bunt to 13 - play home, runner scores, batter safe! Dann Bilardello scores
|
Batting: SHB Harold Reynolds
|
0-0: Called Strike 0-1: Ball 1-1: Ball 2-1: Fly out, F7 (Flyball, 7S, EV 80.0 MPH)
|
Batting: RHB Juan Monasterio
|
0-0: Ball 1-0: Fly out, F8 (Flyball, 8RS, EV 93.8 MPH)
|
Top of the 3rd over - 2 runs, 1 hit, 0 errors, 1 left on base; Toronto 2 - Chicago 2 |
BOTTOM OF THE 3RD |
Chicago White Sox batting - Pitching for Toronto Blue Jays : RHP Storm Davis
|
Batting: RHB Mike Heath
|
0-0: Called Strike 0-1: Ball 1-1: Fly out, F9 (Line Drive, 9, EV 93.8 MPH)
|
Batting: RHB Brian Downing
|
0-0: Ball 1-0: Fly out, F8 (Flyball, 8LD, EV 97.5 MPH)
|
Batting: RHB Steve Henderson
|
0-0: Ground out 6-3 (Groundball, 6MS, EV 85.6 MPH)
|
Bottom of the 3rd over - 0 runs, 0 hits, 0 errors, 0 left on base; Toronto 2 - Chicago 2 |
TOP OF THE 4TH |
Toronto Blue Jays batting - Pitching for Chicago White Sox : RHP Dave Rozema
|
Pitching: RHP Dickie Noles
|
|
Batting: LHB Darryl Strawberry
|
0-0: Called Strike 0-1: Ball 1-1: Ball 2-1: Ball 3-1: Foul Ball, location: 2F 3-2: Strikes out swinging
|
Batting: RHB Cal Ripken
|
0-0: Ground out 5-3 (Groundball, 5, EV 85.6 MPH)
|
Batting: LHB Manny Leal
|
0-0: Ball 1-0: Ball 2-0: Ball 3-0: Called Strike 3-1: Fly out, F9 (Flyball, 9LD, EV 101.3 MPH)
|
Top of the 4th over - 0 runs, 0 hits, 0 errors, 0 left on base; Toronto 2 - Chicago 2 |
BOTTOM OF THE 4TH |
Chicago White Sox batting - Pitching for Toronto Blue Jays : RHP Storm Davis
|
Batting: LHB Ryan MacFarland
|
0-0: Ball 1-0: Called Strike 1-1: Ball 2-1: Ball 3-1: Ground out U3 (Groundball, 34, EV 79.4 MPH)
|
Batting: LHB Mitchell Page
|
0-0: Foul Ball, location: 2F 0-1: Foul Ball, location: 2F 0-2: Strikes out swinging
|
Batting: RHB Tim Teufel
|
0-0: Called Strike 0-1: Swinging Strike 0-2: Foul Ball, location: 2F 0-2: Ground out 6-3 (Groundball, 56D, EV 98.1 MPH)
|
Bottom of the 4th over - 0 runs, 0 hits, 0 errors, 0 left on base; Toronto 2 - Chicago 2 |
TOP OF THE 5TH |
Toronto Blue Jays batting - Pitching for Chicago White Sox : RHP Dickie Noles
|
Batting: RHB Fritzie Connally
|
0-0: Swinging Strike 0-1: Ball 1-1: Foul Ball, location: 2F 1-2: Fly out, F9 (Flyball, 9D, EV 83.8 MPH)
|
Batting: RHB Dann Bilardello
|
0-0: DOUBLE (Line Drive, 7LM, EV 92.5 MPH)
|
Batting: RHB Hubie Brooks
|
0-0: Ground out 5-3 (Groundball, 56, EV 104.4 MPH)
|
Batting: RHB Jose Gonzalez
|
0-0: Called Strike 0-1: Fly out, F7 (Flyball, 78M, EV 94.4 MPH)
|
Top of the 5th over - 0 runs, 1 hit, 0 errors, 1 left on base; Toronto 2 - Chicago 2 |
BOTTOM OF THE 5TH |
Chicago White Sox batting - Pitching for Toronto Blue Jays : RHP Storm Davis
|
Pitching: RHP Bill Caudill
|
|
Batting: LHB Steve Christmas
|
0-0: Ball 1-0: Called Strike 1-1: Ground out 4-3 (Groundball, 4, EV 89.4 MPH)
|
Batting: SHB Dwayne Taggart
|
0-0: Called Strike 0-1: Swinging Strike 0-2: Foul Ball, location: 2F 0-2: Foul Ball, location: 2F 0-2: Foul Ball, location: 2F 0-2: Strikes out looking
|
Batting: LHB Rudy Law
|
0-0: Ball 1-0: Ball 2-0: Ground out 4-3 (Groundball, 4, EV 85.6 MPH)
|
Bottom of the 5th over - 0 runs, 0 hits, 0 errors, 0 left on base; Toronto 2 - Chicago 2 |
TOP OF THE 6TH |
Toronto Blue Jays batting - Pitching for Chicago White Sox : RHP Dickie Noles
|
Batting: SHB Harold Reynolds
|
0-0: Called Strike 0-1: Ball 1-1: Foul Ball, location: 2F 1-2: Ball 2-2: Fly out, F6 (Flyball, 6D, EV 81.9 MPH)
|
Batting: RHB Juan Monasterio
|
0-0: Called Strike 0-1: SINGLE (Line Drive, 56D, EV 94.4 MPH)
|
Batting: LHB Darryl Strawberry
|
0-0: Called Strike 0-1: Ball 1-1: Ball 2-1: SINGLE (Line Drive, 7S, EV 97.5 MPH) Juan Monasterio to second
|
Pitching: LHP Douglas Nelson
|
|
Pinch Runner at 2nd Ray Cosey:
|
|
Batting: RHB Cal Ripken
|
0-0: Called Strike 0-1: Ball 1-1: Grounds into double play, 4-6-3 (Groundball, 4, EV 91.3 MPH)
|
Top of the 6th over - 0 runs, 2 hits, 0 errors, 1 left on base; Toronto 2 - Chicago 2 |
BOTTOM OF THE 6TH |
Chicago White Sox batting - Pitching for Toronto Blue Jays : RHP Bill Caudill
|
Now at 3B: Jeremy Nelson
|
|
Batting: RHB Mike Heath
|
0-0: SINGLE (Line Drive, 4D, EV 96.3 MPH)
|
Batting: RHB Brian Downing
|
0-0: Ball 1-0: Ball 2-0: 2-RUN HOME RUN (Flyball, 9D, EV 104.4 MPH), Distance : 417 ft
|
Batting: RHB Steve Henderson
|
0-0: Ball 1-0: Ball 2-0: Ball 3-0: Called Strike 3-1: Called Strike 3-2: Base on Balls
|
Batting: LHB Ryan MacFarland
|
0-0: Ball 1-0: Called Strike 1-1: Called Strike 1-2: Foul Ball, location: 2F 1-2: Ball 2-2: Grounds into double play, 3-6-3 (Groundball, 34S, EV 86.3 MPH)
|
Batting: LHB Mitchell Page
|
0-0: Ball 1-0: Ball 2-0: SINGLE (Line Drive, 56D, EV 94.4 MPH)
|
Batting: RHB Tim Teufel
|
0-0: Ball 1-0: Called Strike 1-1: Foul Ball, location: 2F 1-2: Hit by Pitch Mitchell Page to second
|
Batting: LHB Steve Christmas
|
0-0: Foul Ball, location: 2F 0-1: Fielders Choice at 2nd, 5-4 (Groundball, 56, EV 82.5 MPH)
|
Bottom of the 6th over - 2 runs, 3 hits, 0 errors, 2 left on base; Toronto 2 - Chicago 4 |
TOP OF THE 7TH |
Toronto Blue Jays batting - Pitching for Chicago White Sox : LHP Douglas Nelson
|
Batting: LHB Manny Leal
|
0-0: Foul Ball, location: 2F 0-1: Hit by Pitch
|
Batting: RHB Fritzie Connally
|
0-0: Called Strike 0-1: Foul Ball, location: 2F 0-2: Strikes out swinging
|
Batting: RHB Dann Bilardello
|
0-0: Called Strike 0-1: Foul Ball, location: 2F 0-2: Strikes out swinging
|
Batting: RHB Hubie Brooks
|
0-0: Ground out 6-3 (Groundball, 6S, EV 89.4 MPH)
|
Top of the 7th over - 0 runs, 0 hits, 0 errors, 1 left on base; Toronto 2 - Chicago 4 |
BOTTOM OF THE 7TH |
Chicago White Sox batting - Pitching for Toronto Blue Jays : RHP Bill Caudill
|
Pinch Hitting: RHB Bob Bailey
|
0-0: Ball 1-0: Called Strike 1-1: Ball 2-1: Ball 3-1: Foul Ball, location: 2F 3-2: Base on Balls
|
Pinch Hitting: SHB Kevin King
|
0-0: Swinging Strike 0-1: Foul Ball, location: 2F 0-2: Ball 1-2: Strikes out swinging
|
Pinch Hitting: RHB Jose Castro
|
0-0: Ball 1-0: Called Strike 1-1: Ball 2-1: Ball 3-1: Foul Ball, location: 2F 3-2: Strikes out swinging
|
Batting: RHB Jim Wynn
|
0-0: Swinging Strike 0-1: Ball 1-1: Swinging Strike 1-2: Ball 2-2: Foul Ball, location: 2F 2-2: Ball 3-2: DOUBLE (Flyball, 8RXD, EV 107.5 MPH) Bob Bailey to third
|
Pitching: RHP Dane Anthony
|
|
Pinch Hitting: RHB Mike A Marshall
|
0-0: Ball 1-0: Foul Ball, location: 2F 1-1: Foul Ball, location: 2F 1-2: Ball 2-2: Foul Ball, location: 2F 2-2: Ball 3-2: Strikes out swinging
|
Bottom of the 7th over - 0 runs, 1 hit, 0 errors, 2 left on base; Toronto 2 - Chicago 4 |
TOP OF THE 8TH |
Toronto Blue Jays batting - Pitching for Chicago White Sox : LHP Douglas Nelson
|
Now at 1B: Bob Bailey
|
|
Now at SS: Jose Castro
|
|
Now in LF: Mike A Marshall
|
|
Now in CF: Kevin King
|
|
Pinch Hitting: RHB Dave Meier
|
0-0: Ball 1-0: Swinging Strike 1-1: Ground out 5-3 (Groundball, 56, EV 107.5 MPH)
|
Pinch Hitting: RHB Jose Carrillo
|
0-0: Foul Ball, location: 2F 0-1: Foul Ball, location: 2F 0-2: Ball 1-2: Ball 2-2: Foul Ball, location: 2F 2-2: Ball 3-2: Fly out, F7 (Flyball, 7LS, EV 85.0 MPH)
|
Batting: RHB Jeremy Nelson
|
0-0: Ball 1-0: Ground out 6-3 (Groundball, 6, EV 103.8 MPH)
|
Top of the 8th over - 0 runs, 0 hits, 0 errors, 0 left on base; Toronto 2 - Chicago 4 |
BOTTOM OF THE 8TH |
Chicago White Sox batting - Pitching for Toronto Blue Jays : RHP Dane Anthony
|
Now at 2B: Jose Carrillo
|
|
Now in RF: Dave Meier
|
|
Pinch Hitting: SHB Wayne Tolleson
|
0-0: Ball 1-0: Ball 2-0: Ball 3-0: Called Strike 3-1: Foul Ball, location: 2F 3-2: Strikes out swinging
|
Batting: LHB Mitchell Page
|
0-0: Foul Ball, location: 2F 0-1: Foul Ball, location: 2F 0-2: Ball 1-2: Ball 2-2: Strikes out swinging
|
Pinch Hitting: SHB Ozzie Smith
|
0-0: Ball 1-0: Ball 2-0: Ball 3-0: Called Strike 3-1: Called Strike 3-2: Base on Balls
|
Batting: LHB Steve Christmas
|
0-0: Ball 1-0: Ball 2-0: Called Strike Ozzie Smith steals 2nd, throwing error, E2 Ozzie Smith to third 2-1: Foul Ball, location: 2F 2-2: Ball 3-2: Foul Ball, location: 2F 3-2: Ground out 4-3 (Groundball, 4, EV 85.6 MPH)
|
Bottom of the 8th over - 0 runs, 0 hits, 1 error, 1 left on base; Toronto 2 - Chicago 4 |
TOP OF THE 9TH |
Toronto Blue Jays batting - Pitching for Chicago White Sox : LHP Douglas Nelson
|
Now at 2B: Ozzie Smith
|
|
Now at 3B: Brian Harper
|
|
Batting: RHB Andres Galarraga
|
0-0: Ball 1-0: Foul Ball, location: 2F 1-1: Called Strike 1-2: SINGLE (Line Drive, 34D, EV 96.3 MPH)
|
Pinch Hitting: LHB Jon Jimenez
|
0-0: Called Strike 0-1: Called Strike 0-2: Strikes out looking
|
Batting: LHB Manny Leal
|
0-0: Foul Ball, location: 2F 0-1: Ball 1-1: Ball 2-1: Ball 3-1: SINGLE (Groundball, 6MD, EV 95.0 MPH) Andres Galarraga to second
|
Pinch Runner at 2nd Brad Gulden:
|
|
Pinch Hitting: RHB Jim G Wilson
|
0-0: Called Strike 0-1: Ball Wild Pitch! Brad Gulden to third Manny Leal to second 1-1: Fly out, F9 (Flyball, 9S, EV 85.0 MPH)
|
Pinch Hitting: SHB Butch Wynegar
|
0-0: Ball 1-0: Ground out 4-3 (Groundball, 4, EV 106.3 MPH)
|
Top of the 9th over - 0 runs, 2 hits, 0 errors, 2 left on base; Toronto 2 - Chicago 4 |
|